 Dungeon Crawl Stone Soup version 0.26.1-11-gd32895ea62 (webtiles) character file.

Game seed: 447393399882246796

413 bnorton916 the Shield-Bearer (level 7, 0/56 HPs)
             Began as a Formicid Fighter on June 24, 2021.
             Killed by nerve-wracking pain
             ... invoked by Menkaure
              (3 damage)
             ... on level 4 of the Dungeon.
             The game lasted 00:04:27 (3226 turns).

bnorton916 the Shield-Bearer (Formicid Fighter)     Turns: 3226, Time: 00:04:29

Health: 0/56       AC:  7    Str: 22    XL:     7   Next: 14%
Magic:  7/7        EV:  8    Int:  8    God:
Gold:   119        SH: 10    Dex: 16    Spells: 6/6 levels left

rFire    . . .     SeeInvis +   o - +3 whip (elec)
rCold    . . .     Faith    .   c - +0 kite shield
rNeg     . . .     Spirit   .   b - +0 scale mail
rPois    .         Reflect  .   (helmet unavailable)
rElec    .         Harm     .   (no cloak)
rCorr    .         Rampage  .   (no gloves)
Will     .....                  (no boots)
Stlth    +.........             (no amulet)
HPRegen  0.18/turn              p - +6 ring of dexterity
MPRegen  0.10/turn              k - ring of stealth

@: mighty, lethally poisoned (0 -> -2)
A: permanent stasis, dig shafts and tunnels, four strong arms, antennae 3
a: Dig, Shaft Self


You were on level 4 of the Dungeon.
You visited 1 branch of the dungeon, and saw 4 of its levels.

You collected 119 gold pieces.

Inventory:

Hand Weapons
 a - a +0 war axe
 o - a +3 whip of electrocution (weapon)
Missiles
 r - 4 javelins
Armour
 b - a +0 scale mail (worn)
 c - a +0 kite shield (worn)
Jewellery
 j - an uncursed ring of resist corrosion
 k - a ring of stealth (right hand)
 p - a +6 ring of dexterity (left hand)
 w - an uncursed amulet of faith
Scrolls
 i - a scroll of remove curse
 n - a scroll of immolation {unknown}
 u - a scroll of enchant armour {unknown}
 v - a scroll of enchant weapon {unknown}
Potions
 g - 2 potions of mutation {unknown}
 h - 2 potions of degeneration {unknown}
 l - 2 potions of heal wounds
 m - a potion of lignification {unknown}
 q - a potion of flight
 t - 2 potions of curing


   Skills:
 + Level 5.0 Fighting
 + Level 3.9 Axes
 + Level 4.9 Armour
 + Level 5.4 Shields


You had 6 spell levels left.
You didn't know any spells.
Your spell library was empty.

Dungeon Overview and Level Annotations

Branches:
Dungeon (4/15)
 Temple: D:4-7

Altars:

Annotations:
D:4 Menkaure


Innate Abilities, Weirdness & Mutations

You cannot be hasted, slowed, berserked, paralysed or teleported.
You can dig through walls and to a lower floor.
Your four strong arms can wield two-handed weapons with a shield.
You have a pair of large antennae on your head. (SInv)


Message History

Your body is wracked with pain!
* * * LOW HITPOINT WARNING * * *
The scorpion convulses!
The adder bites you but does no damage.
You feel very mighty all of a sudden. You block the adder's attack.
You block Menkaure's attack.
You hit the adder.
You kill the adder!
You feel sick. The scorpion stings you!
* * * LOW HITPOINT WARNING * * *
You whack the scorpion!
You kill the scorpion!
Menkaure barely misses you.
Your Fighting skill increases to level 5!
You whack Menkaure!
Menkaure is moderately damaged.
* * * LOW HITPOINT WARNING * * *
You feel sick.
Menkaure gestures at you while chanting.
Pain shoots through your body!
You die...

,,,,,,,,,,***,,,,,,,**,,,,,,,,**,
,,,,,,,,,*.###.........,,,**,,,,,
,,,,,,,,,,,.#.........,,,,,,,,,,,
,,,,,***,*,,.........,,,,,*,,,,,,
,,,,,,****,,,.......,,,,,***,,,,,
,,,,,**,**,,,,.....,,,,,***,,,,,,
**,,,,,,...,,,,...,,,,,,,*,*,,,,,
*,,,,,......,,,#.##,,,,,,,,,,,,,,
**,*,,......,,*#@.#,,,,,,,,*,,,,,
,,,,,,,#..#.####M.#*,...,,,**,,,,
,,,,.###..##..#...##....,,,*,,,>,
,,,,.................#,,,,,,,,,*,
,,,,.................#,,,,,,,,,*,
,,,,....................,,*,**,,,
,*,,..........)..#......,,**,,,,,
,*,,##..................,,**,,,*,
,,,*#......<..........>.,,,**,,*,


You could see Menkaure.

Vanquished Creatures
  An ogre (D:3)
  A scorpion (D:4)
  2 hounds
  2 worker ants
  3 gnolls (D:3)
  6 adders
  4 oozes
  2 worms (D:3)
  2 dart slugs (D:1)
  2 leopard geckos
  6 orcs (D:3)
  3 ball pythons
  4 giant cockroaches
  7 goblins
  11 hobgoblins
  5 jackals
  7 kobolds
  5 bats
  4 frilled lizards
  A leopard gecko skeleton (D:2)
  8 rats
86 creatures vanquished.

Notes
Turn   | Place    | Note
-------+----------+-------------------------------------------
     0 | D:1      | bnorton916 the Formicid Fighter began the quest for the
                  | Orb.
     0 | D:1      | Reached XP level 1. HP: 18/18 MP: 1/1
    79 | D:1      | Reached XP level 2. HP: 24/24 MP: 2/2
   329 | D:1      | Reached XP level 3. HP: 25/29 MP: 3/3
   971 | D:2      | Reached XP level 4. HP: 22/37 MP: 4/4
  1370 | D:2      | Reached XP level 5. HP: 40/42 MP: 5/5
  2249 | D:3      | Reached XP level 6. HP: 46/49 MP: 6/6
  2923 | D:4      | Noticed an ogre
  2931 | D:3      | Killed an ogre
  2932 | D:3      | Reached skill level 5 in Shields
  3200 | D:4      | Reached XP level 7. HP: 50/55 MP: 7/7
  3210 | D:4      | Noticed Menkaure
  3226 | D:4      | Reached skill level 5 in Fighting
  3226 | D:4      | Killed from afar by Menkaure

Illustrated notes

Levels and vault maps discovered:
D:1:      lemuel_arrival_lava_pool, layout_rooms
D:2:      kennysheep_six_static_rooms, layout_basic
D:3:      layout_basic
D:4:      layout_cave_pools, portal_sewer_entry_f, grunt_ministairs_14,
          lexackson_kobold_supper, uniq_menkaure

Skill      XL: |  1  2  3  4  5  6  7 |
---------------+----------------------+-----
Shields        | 4 5 |  5.4
Armour         | 4 |  4.9
Fighting       | 4 5 |  5.0
Axes           | 3 |  3.9

Action                   |  1- 3 |  4- 6 |  7- 9 || total
-------------------------+-------+-------+-------++-------
Melee: War axe           |   101 |    20 |       ||   121
       Whip              |       |   139 |    12 ||   151
 Abil: Dig               |     1 |       |       ||     1
  Use: Scroll            |       |       |     6 ||     6
       Potion            |       |       |     1 ||     1
Armor: Scale mail        |    50 |    69 |     3 ||   122
Dodge: Dodged            |    38 |    44 |     4 ||    86
Block: Kite shield       |    76 |    94 |     6 ||   176
